 Dungeon Crawl Stone Soup version 0.31.0-11-ge490571c62 (webtiles) character file.

Game seed: 16108435706399898000

9 BeingJoeMalik the Sneak (level 2, -1/24 HPs)
             Began as a Human Delver on Jan 28, 2024.
             Slain by a hound (5 damage)
             ... on level 5 of the Dungeon.
             The game lasted 00:02:46 (378 turns).

BeingJoeMalik the Sneak (Human Delver)               Turns: 378, Time: 00:02:47

Health: -1/24      AC:  3    Str: 12    XL:     2   Next: 12%
Magic:  2/2        EV: 12    Int: 10    God:
Gold:   29         SH:  0    Dex: 14    Spells: 1/1 levels left

rFire   . . .        a - +0 hand axe
rCold   . . .        (no shield)
rNeg    . . .        b - +0 leather armour
rPois   .            (no helmet)
rElec   .            (no cloak)
rCorr   .            (no gloves)
SInv    .            (no boots)
Will    .....        (no amulet)
Stlth   +++          (no ring)
HPRegen 0.24/turn    (no ring)
MPRegen 0.08/turn

%: no passive effects
@: no status effects
A: explore regen
a: no special abilities


You were on level 5 of the Dungeon.
You visited 1 branch of the dungeon, and saw 3 of its levels.

You collected 29 gold pieces.

Inventory:

Hand Weapons
 a - a +0 hand axe (weapon)
 h - a +2 halberd of protection
Armour
 b - a +0 leather armour (worn)
Scrolls
 c - a scroll of fog
 d - a scroll of revelation
 e - a scroll of fear
 i - a scroll of teleportation {unknown}


   Skills:
 - Level 3.0 Fighting
 - Level 2.0(2.3) Axes
 + Level 1.7(2.2) Polearms
 - Level 2.0 Dodging
 - Level 5.0 Stealth


You had one spell level left.
You didn't know any spells.
Your spell library was empty.

Dungeon Overview and Level Annotations

Branches:
Dungeon (6/15)
 Temple: D:4-7

Altars:

Annotations:
D:4 Menkaure


Innate Abilities, Weirdness & Mutations

You regain HP and MP as you explore.


Message History

The rock shatters into small pieces.
Unknown command.
Aiming: Dig
Press: ? - help, Shift-Dir - straight line A rock wall.
The rock shatters into small pieces.
The now-empty wand crumbles to dust.
The hound misses you. The hound barely misses you.
You barely miss the hound. The hound bites you. The hound closely misses you.
You barely miss the hound. The hound barely misses you. The hound misses you.
You hit the hound.
The hound is lightly wounded.
The hound bites you.
You hit the hound.
The hound is lightly wounded.
The hound bites you. The hound barely misses you.
You closely miss the hound.
The hound is lightly wounded.
The hound bites you. x2
You hit the hound.
The hound is heavily wounded.
The hound misses you. The hound barely misses you.
You closely miss the hound.
The hound is heavily wounded.
The hound bites you. The hound barely misses you.
You barely miss the hound.
The hound is heavily wounded.
The hound bites you.
You hit the hound.
The hound is severely wounded.
The hound closely misses you. The hound bites you.
* * * LOW HITPOINT WARNING * * *
You hit the hound.
The hound is almost dead.
The hound bites you.
* * * LOW HITPOINT WARNING * * *
The hound closely misses you.
You hit the hound but do no damage.
The hound is almost dead.
The hound bites you.
You die...

........# ###.....#
###.....#
........#### ####
........#.. ..# #
........#.# #.# .#
.###.####.# #.###..#
.# #......#
#h.....##. .#
#......#####.@.......
.#
######.#...#.###.....
.# #.#.#.#.# ... .#
###...#...# + ##
##..######## ##.###
##.## ##.## ###.##


You could see a hound.

Vanquished Creatures
  An adder (D:5)
1 creature vanquished.

Notes
Turn   | Place    | Note
-------+----------+-------------------------------------------
     0 | D:5      | BeingJoeMalik the Human Delver began the quest for the Orb.
     0 | D:5      | Reached XP level 1. HP: 18/18 MP: 1/1
    15 | D:4      | Noticed Menkaure
    52 | D:5      | Noticed a jelly
    63 | D:5      | Noticed a jelly
   105 | D:5      | Noticed a hound
   257 | D:5      | Reached skill level 1 in Polearms
   257 | D:5      | Reached XP level 2. HP: 13/24 MP: 2/2
   325 | D:5      | Noticed a scorpion
   378 | D:5      | Slain by a hound

Illustrated notes

Levels and vault maps discovered:
D:4:      layout_basic, fiery_altar_vehumet, minmay_temple_entry_crystal_x,
          uniq_menkaure, uniq_duvessa, uniq_grinder, uniq_natasha
D:5:      layout_gridville, minmay_misc_feat_encased, bh_walls_and_bars
D:6:      layout_loops_ring, lemuel_tele_altar, mainiacjoe_overflow_big_doors

Skill      XL: |  1 |
---------------+----+-----
Polearms       | 1 |  1.7
Fighting       | |  3.0
Axes           | |  2.0
Dodging        | |  2.0
Stealth        | |  5.0

Action                     || total
---------------------------++-------
  Melee: Hand axe          ||    31
  Evoke: Wand              ||     3
    Use: Potion            ||     2
 Armour: Leather armour    ||    29
  Dodge: Dodged            ||    22
